Map: Hardwire LE

Players

LNGghost - Winner!

  • Race: Terran Terran

VOD

Have the link to the VOD?

Description

Time

  • Played on: Jan. 29, 2022, 7:44 a.m.
  • Length: 17:45
Show
View Real Time Build Order
Export as new Build Order

LNGghost Terran - Winner!

Build Orders:  

Get SALT Encoding   

  12  0:00  SCV  
  13  0:17  SCV  
  14  0:23  Supply Depot  
  14  0:35  Refinery  
  14  0:38  SCV  
  15  0:57  Barracks  
  15  1:03  SCV  
  16  1:20  SCV  
  17  1:37  SCV  
  18  1:53  SCV  
  19  2:07  Factory  
  19  2:12  Orbital Command  
  19  2:22  Refinery  
  19  2:46  Command Center  
  19  2:54  Marine  
  20  3:01  SCV  
  21  3:13  Starport  
  21  3:24  Supply Depot  
  21  3:28  SCV  
  22  3:34  Factory Tech Lab  
  22  3:37  Marine  
  23  3:54  SCV  
  24  4:10  Widow Mine  
  24  4:11  SCV  
  24  4:15  Cloaking Field, Banshee  
  31  4:30  Barracks Reactor  
  31  4:34  Orbital Command  
  31  4:38  SCV  
  31  4:55  SCV, Barracks  
  32  5:12  SCV, Factory Tech Lab  
  32  5:13  Barracks  
  33  5:22  Banshee  
  33  5:29  SCV x2  
  38  5:46  SCV x2  
  38  5:48  Marine x2  
  42  5:55  Barracks  
  42  6:02  Refinery  
  42  6:03  SCV x2  
  42  6:05  Barracks Reactor  
  44  6:27  SCV  
  44  6:28  SCV  
  46  6:30  Stimpack  
  46  6:58  Supply Depot  
  46  6:59  Supply Depot x2  
  46  7:05  Barracks Reactor  
  46  7:12  Refinery  
  46  7:13  Supply Depot  
  46  7:16  Supply Depot x2  
  46  7:28  SCV x2, Supply Depot  
  46  7:29  Supply Depot  
  48  7:33  Engineering Bay  
  48  7:34  Raven  
  48  7:35  Engineering Bay  
  48  7:37  Marine  
  51  7:41  Marine  
  51  7:45  SCV  
  53  7:56  SCV  
  53  7:59  Starport  
  54  8:00  Marine  
  54  8:02  Marine, SCV  
  57  8:18  SCV  
  57  8:19  Marine, SCV  
  60  8:20  Marine x2  
  62  8:35  Factory Tech Lab  
  62  8:36  Marine  
  62  8:37  Marine x3  
  66  8:44  Marine  
  66  8:45  Terran Infantry Weapons Level 1  
  66  8:49  Terran Infantry Armor Level 1  
  70  8:53  Starport Reactor  
  70  8:58  Marine  
  71  9:03  Supply Depot  
  71  9:07  Supply Depot  
  71  9:13  Marine  
  71  9:14  Marine x3  
  71  9:15  Marine  
  76  9:21  Marauder  
  76  9:25  Unknown  
  78  9:40  Unknown  
  78  9:49  Command Center  
  78  9:56  SCV  
  78  9:57  SCV  
  80  10:03  Supply Depot  
  80  10:07  Supply Depot  
  80  10:10  Armory  
  80  10:12  Marine  
  80  10:13  Marine  
  82  10:33  Medivac  
  90  10:40  Marine, Fusion Core  
  90  10:41  Marine x2  
  93  10:51  SCV x2  
  93  10:55  Marine  
  93  10:56  Marine x3  
  99  11:05  Supply Depot  
  99  11:07  Siege Tank  
  102  11:13  Marine x3  
  102  11:15  Medivac  
  107  11:20  Marine  
  107  11:23  Marine x3  
  107  11:24  Refinery  
  111  11:31  Missile Turret  
  111  11:32  Unknown x2  
  111  11:36  Planetary Fortress  
  111  11:37  Missile Turret  
  108  11:54  Marine  
  109  12:18  Marine  
  109  12:19  Marine x5  
  115  12:27  Siege Tank  
  113  13:22  Unknown x3  
  113  13:24  Marine x6  
  113  13:25  Marine  
  129  13:30  Siege Tank  
  129  13:35  Terran Vehicle And Ship Armor Level 1  
  132  14:02  Terran Infantry Weapons Level 2  
  131  14:12  Refinery  
  131  14:27  Unknown x2, Medivac x2  
  131  14:28  Unknown  
  135  15:28  Unknown  
  135  15:47  Marine  
  135  15:48  Marine x6  
  142  15:50  Medivac x2  
  142  15:51  Viking  
  148  16:20  Marine, Missile Turret  
  148  16:21  Marine x6  
  148  16:24  Thor  
  148  16:27  Siege Tank, Missile Turret  
  161  16:32  Missile Turret  
  161  16:37  Viking x2  
Tags
 
Add a new tag
Caveats
  • Supply blocks, unpowered buildings, or Contaminate may cause inaccurate times.
  • Supply counts are checked every 10 seconds.